 Dungeon Crawl Stone Soup version 0.13.0-65-g2bb7898 (webtiles) character file.

207 Chiseanne the Cudgeler (level 5, -8/81 HPs)
             Began as an Ogre Berserker on Nov 26, 2013.
             Was a Believer of Trog.
             Mangled by an orc
             ... wielding a +1,+3 orcish hand axe
              (9 damage)
             ... on Level 2 of the Dungeon.
             The game lasted 00:05:45 (2633 turns).

Chiseanne the Cudgeler (Ogre Berserker)             Turns: 2633, Time: 00:05:45

HP  -8/81        AC  3     Str 28      XL: 5   Next:  7%
MP   4/4         EV 11     Int  6      God: Trog [**....]
Gold 84          SH  0     Dex 10      Spells:  0 memorised,  4 levels left

Res.Fire  : . . .   See Invis. : .   i - +0 trident
Res.Cold  : . . .   Warding    : .   b - +0 animal skin
Life Prot.: . . .   Conserve   : .   (shield restricted)
Res.Poison: .       Res.Corr.  : .   (helmet restricted)
Res.Elec. : .       Clarity    : .   (no cloak)
Sust.Abil.: . .     Spirit.Shd : .   (gloves unavailable)
Res.Mut.  : .       Stasis     : .   (boots unavailable)
Res.Rott. : .       Flight     : .   (no amulet)
Saprovore : + . .                    (no ring)
                                     l - +1 ring of dexterity

@: berserking (expiring), very quick, slightly resistant to hostile
enchantments, extremely unstealthy
A: unfitting armour, fast metabolism 1, saprovore 1, tough skin 1
a: Burn Spellbooks, Berserk, Trog's Hand, Renounce Religion


You were on level 2 of the Dungeon.
You worshipped Trog.
Trog was pleased with you.
You were not hungry.

You visited 1 branch of the dungeon, and saw 3 of its levels.

You collected 64 gold pieces.

Inventory:

Hand weapons
 i - a +0,+0 trident (weapon)
Missiles
 g - 2 silver darts
 n - a poisoned dart (quivered)
Armour
 b - a +0 animal skin (worn)
Comestibles
 a - 10 strawberries
 c - 2 meat rations
 f - a choko
 h - 3 bread rations
 k - a pear
Scrolls
 j - 3 scrolls of identify
 o - a scroll of fog {unknown}
Jewellery
 l - a +1 ring of dexterity (left hand)
Potions
 d - a potion of beneficial mutation {unknown}
 e - a potion of curing {unknown}
 m - a potion of poison {unknown}


   Skills:
 * Level 4.7 Fighting
   Level 4.7 Maces & Flails
 * Level 0.8 Polearms
 * Level 4.4 Dodging


You had 4 spell levels left.
You didn't know any spells.

Dungeon Overview and Level Annotations

Branches:
Dungeon (3/27)

Altars:
Okawaru
Yredelemnul


Innate Abilities, Weirdness & Mutations

You are too large for most types of armour.
You have a fast metabolism.
You can tolerate rotten meat.
You have tough skin (AC +1).


Message History

The orc hits you with an orcish flail.
* * * LOW HITPOINT WARNING * * *
You puncture the orc priest!
The orc priest is almost dead.
The orc priest barely misses you.
The orc hits you with an orcish hand axe.
* * * LOW HITPOINT WARNING * * *
The orc completely misses you.
You puncture the orc priest!
You kill the orc priest!
Trog accepts your kill.
You have reached level 5!
The orc hits you with an orcish hand axe!
* * * LOW HITPOINT WARNING * * *
You barely miss the orc. The orc hits you but does no damage.
You puncture the orc!
You kill the orc!
Trog accepts your kill.
The orc hits you with an orcish hand axe!
You die...

#.# #.# ######..# #.# #.#
#.# #.......# #.# #.#####
#.###.......# #.# #.....#
#.##........# #.#
##.....#######.##........#
#.#
.........................#
#.#
################.........#
#.# #o........######.#
#@)..............#
#)######.#####.#.# #.# #.#
#.#.# #.# #.# #.#.# ###.##
#.# #.#.# #....# #.# #.#.#
#....# #.# #.#.. #########
#....# #.# #.###
.)......######....# #.#
#.#..


You could see an orc.

Vanquished Creatures
  An orc priest (D:2)
  3 adders (D:2)
  2 worms (D:2)
  An ooze (D:2)
  An orc (D:2)
  6 bats
  2 giant cockroaches (D:2)
  11 goblins
  7 hobgoblins
  5 kobolds
  A quokka (D:2)
  2 ball pythons (D:2)
  A giant gecko (D:2)
  A giant newt (D:2)
  4 jackals (D:1)
  6 rats
54 creatures vanquished.

Notes
Turn   | Place    | Note
--------------------------------------------------------------
     0 | D:1      | Chiseanne, the Ogre Berserker, began the quest for the Orb.
     0 | D:1      | Reached XP level 1. HP: 23/23 MP: 0/0
   161 | D:1      | Reached XP level 2. HP: 15/32 MP: 1/1
   900 | D:1      | Reached XP level 3. HP: 31/39 MP: 2/2
  1205 | D:2      | Acquired Trog's second power
  1233 | D:2      | Found an iron altar of Okawaru.
  1235 | D:2      | Found a basalt altar of Yredelemnul.
  1817 | D:2      | Reached XP level 4. HP: 48/48 MP: 3/3
  2631 | D:2      | Reached XP level 5. HP: 9/54 MP: 4/4
  2631 | D:2      | HP: 1/81 [orc/orcish hand axe (8)]
  2633 | D:2      | Mangled by an orc

Action                   |  1- 3 |  4- 6 || total
-------------------------+-------+-------++-------
Melee: Mace              |   110 |    14 ||   124
       Trident           |       |    63 ||    63
Invok: Berserk           |     1 |     1 ||     2
  Use: Potion            |     1 |       ||     1
       Scroll            |       |     4 ||     4
